 Dungeon Crawl Stone Soup version 0.23.0-2-g0fe3ce5905 (webtiles) character file.

Game seed: 749381775582692567

161 Duralumin the Chiller (level 4, -1/33 HPs)
             Began as a Demigod Ice Elementalist on Feb 19, 2019.
             Slain by a wyvern skeleton (14 damage)
             ... on level 3 of the Dungeon.
             The game lasted 00:12:41 (2914 turns).

Duralumin the Chiller (Demigod Ice Elementalist)    Turns: 2914, Time: 00:12:41

Health: -1/33      AC:  3    Str: 11    XL:     4   Next: 98%
Magic:  4/11       EV: 12    Int: 21    God:
Gold:   181        SH:  0    Dex: 16    Spells: 6/9 levels left

rFire    . . .     SeeInvis .   q - -2 dagger (curse)
rCold    . . .     Gourm    +   (no shield)
rNeg     . . .     Faith    .   a - +0 robe
rPois    .         Spirit   .   (no helmet)
rElec    .         Reflect  .   (no cloak)
rCorr    .         Harm     .   l - +0 pair of gloves
MR       .....                  (no boots)
Stlth    ++........             d - amulet of the gourmand
HPRegen  0.11/turn              (no ring)
MPRegen  0.12/turn              (no ring)

@: no status effects
A: high mp 1
a: no special abilities


You were on level 3 of the Dungeon.
You were completely stuffed.

You visited 1 branch of the dungeon, and saw 3 of its levels.

You collected 181 gold pieces.

Inventory:

Hand Weapons
 m - a +0 dagger
 q - a cursed -2 dagger (weapon)
Missiles
 i - 16 curare-tipped needles
Armour
 a - a +0 robe (worn)
 h - a +0 buckler
 l - a +0 pair of gloves (worn)
Jewellery
 d - an amulet of the gourmand (around neck)
 j - an uncursed ring of fire
 k - an uncursed amulet of faith {unknown}
Scrolls
 b - 2 scrolls of fear {unknown}
 e - 2 scrolls of immolation {unknown}
 f - 7 scrolls of identify {unknown}
 g - a scroll of enchant weapon {unknown}
 o - a scroll of amnesia {unknown}
 r - a scroll of noise {unknown}
 v - a scroll of teleportation {unknown}
Potions
 n - a potion of might {unknown}
 p - a potion of heal wounds {unknown}
 s - 3 potions of haste {unknown}
 t - a potion of ambrosia {unknown}
 u - a potion of brilliance {unknown}
Comestibles
 c - 6 rations
 w - 4 chunks of flesh


   Skills:
 - Level 1.7 Dodging
 - Level 1.7 Stealth
 + Level 3.1 Spellcasting
 + Level 2.2 Conjurations
 + Level 3.9 Ice Magic


You had 6 spell levels left.
You knew the following spells:

 Your Spells              Type           Power        Failure   Level  Hunger
a - Freeze                Ice            ###.         2%          1    None
b - Throw Frost           Conj/Ice       ###...       5%          2    ##.....

Your spell library contained the following spells:

 Spells                   Type           Power        Failure   Level  Hunger
 Ozocubu's Armour         Chrm/Ice       ##......     17%         3    ###....
 Throw Icicle             Conj/Ice       ###.....     36%         4    ####...
 Summon Ice Beast         Ice/Summ       ##......     50%         4    ####...


Dungeon Overview and Level Annotations

Branches:
Dungeon (3/15)


Innate Abilities, Weirdness & Mutations

You have an increased reservoir of magic. (+10% MP)


Message History

Press: ? - help, Shift-Dir - straight line, f/p - wyvern skeleton
Aim: a wyvern skeleton (lightly damaged)
The puff of frost hits the wyvern skeleton.
The wyvern skeleton resists.
The wyvern skeleton is lightly damaged.
Casting: Throw Frost (safe; 5% risk of failure)
Confirm with . or Enter, or press ? or * to list all spells.
Aiming: Freeze (safe; 2% risk of failure)
Press: ? - help, Shift-Dir - straight line, f/p - wyvern skeleton
Aim: a wyvern skeleton (lightly damaged)
The wyvern skeleton resists.
You freeze the wyvern skeleton.
The wyvern skeleton is lightly damaged.
The wyvern skeleton bites you.
You hit the wyvern skeleton.
The wyvern skeleton is moderately damaged.
The wyvern skeleton misses you. The wyvern skeleton bites you!
You barely miss the wyvern skeleton.
The wyvern skeleton is moderately damaged.
The wyvern skeleton bites you!
You die...

..?. .... . # #..# .. .## #..#
... ...#..# ..
#.##.#.s#.##.########## ###
#......Z..(..#........< ..# #@#
#.#####.## #.# #.# #.#...#.## #.#
#.# #......... #.# ##.##
#.#...#.## #.# #...# #.##.##...
#.# ####### #...# #.......## #.#
#.....# #...# #.####..##
#.###.....# #...# #.......##
#.........#####...######.......##


You could see a giant cockroach and a wyvern skeleton.

Vanquished Creatures
  2 orc priests (D:2)
  3 gnolls (D:2)
  2 adders (D:3)
  3 dart slugs
  2 leopard geckos
  5 orcs
  A ball python (D:3)
  2 giant cockroaches
  2 goblins (D:3)
  4 hobgoblins
  A quokka (D:2)
  6 bats
  3 frilled lizards
  7 kobolds
  7 rats
50 creatures vanquished.

Notes
Turn   | Place    | Note
-------+----------+-------------------------------------------
     0 | D:1      | Duralumin the Demigod Ice Elementalist began the quest for
                  | the Orb.
     0 | D:1      | Reached XP level 1. HP: 14/14 MP: 5/5
   643 | D:1      | Reached XP level 2. HP: 16/20 MP: 5/7
   772 | D:1      | Learned a level 2 spell: Throw Frost
  1332 | D:2      | Reached skill level 1 in Conjurations
  1332 | D:2      | Reached XP level 3. HP: 15/26 MP: 0/9
  1506 | D:2      | Reached XP level 4. HP: 21/33 MP: 5/10
  1657 | D:2      | HP: 1/33 [gnoll/+0 flail (3)]
  2615 | D:3      | Found a shattered altar of Ashenzari.
  2914 | D:3      | Slain by a wyvern skeleton

Skill      XL: |  1  2  3  4 |
---------------+-------------+-----
Spellcasting   | 2 3 |  3.1
Ice Magic      | 3 |  3.9
Conjurations   | 1 2 |  2.2
Dodging        | |  1.7
Stealth        | |  1.7

Action                   |  1- 3 |  4- 6 || total
-------------------------+-------+-------++-------
Melee: Unarmed           |     5 |       ||     5
       Dagger            |     2 |     3 ||     5
 Cast: Freeze            |    39 |    20 ||    59
       Throw Frost       |     4 |    36 ||    40
  Eat: Chunk             |     6 |    11 ||    17
Armor: Robe              |    10 |     1 ||    11
Dodge: Dodged            |    23 |    10 ||    33
